 Dungeon Crawl Stone Soup version 0.31-a0-819-gf6de2f5ab6 (webtiles) character file.

Game seed: 8447310706276219549

50 riojii the Ruffian (level 3, -2/39 HPs)
             Began as a Demonspawn Shapeshifter on Sept 25, 2023.
             Slain by a gnoll
             ... wielding a +0 flail
              (4 damage)
             ... on level 2 of the Dungeon.
             The game lasted 00:02:08 (1534 turns).

riojii the Ruffian (Demonspawn Shapeshifter)        Turns: 1534, Time: 00:02:09

Health: -2/39      AC: 21    Str: 16    XL:     3   Next: 55%
Magic:  3/3        EV:  2    Int: 11    God:
Gold:   40         SH:  0    Dex: 12    Spells: 2/2 levels left

rFire   . .          .
                       - Unarmed
rCold   . . .        (no shield)
rNeg    + . .        d - melded +3 leather armour "Trusted Companion" {rElec Int+3}
rPois   +            (helmet currently unavailable)
rElec   .            (cloak currently unavailable)
rCorr   .            (gloves currently unavailable)
SInv    .            (boots currently unavailable)
Will    .....        (no amulet)
Stlth   +            e - ring of positive energy
HPRegen 0.26/turn    (no ring)
MPRegen 0.08/turn

%: no passive effects
@: tree-form
A: stationary, stasis, torment immunity, boosted hp, foul stench 1
a: no special abilities


You were on level 2 of the Dungeon.
You were a tree.
You visited 1 branch of the dungeon, and saw 2 of its levels.

You collected 40 gold pieces.

Inventory:

Armour
 d - the +3 leather armour "Trusted Companion" (melded) {rElec Int+3}
   (You found it on level 2 of the Dungeon)

   Int+3:     It affects your intelligence (+3).
   rElec:     It insulates you from electricity.
Jewellery
 e - a ring of positive energy (left branch)
Talismans
 c - a beast talisman
Scrolls
 f - 3 scrolls of identify
 h - a scroll of amnesia
Potions
 a - a potion of heal wounds {unknown}


   Skills:
 + Level 1.6 Fighting
 + Level 2.1 Dodging
 * Level 3.2 Unarmed Combat
 * Level 3.1 Shapeshifting


You had 2 spell levels left.
You didn't know any spells.
Your spell library contained the following spells:

 Spells                   Type           Power      Damage    Failure   Level
 Ensorcelled Hibernation  Hex/Ice        0%         N/A       47%         2
 Passwall                 Tmut/Erth      0%         N/A       47%         2
 Swiftness                Air            0%         N/A       71%         3


Dungeon Overview and Level Annotations

Branches:
Dungeon (2/15)

Altars:

Shops:
D:2 !


Innate Abilities, Weirdness & Mutations

You are a tree.
Your roots penetrate the ground, keeping you stationary.
You cannot be teleported.
You are immune to unholy pain and torment.
Your maximum health is greatly increased.
Your equipment is partially melded.
You may rarely emit foul miasma when damaged in melee.


Message History

You hit the gnoll.
The gnoll is severely wounded.
The gnoll completely misses you. The gnoll closely misses you.
The gnoll misses you.
The gnoll barely misses you. x2; The gnoll hits you with a +0 halberd.
You closely miss the gnoll. The gnoll hits you but does no damage.
The gnoll hits you with a +0 halberd! The gnoll hits you with a +0 spear.
* * * LOW HITPOINT WARNING * * *
You hit the gnoll.
The gnoll is moderately wounded.
The gnoll closely misses you. The gnoll hits you with a +0 spear.
* * * LOW HITPOINT WARNING * * *
The gnoll closely misses you.
Your transformation has ended.
You turn into a tree.
The +3 leather armour "Trusted Companion" {rElec Int+3} melds into your body.
Your roots penetrate the ground.
The gnoll hits you but does no damage. x3
You closely miss the gnoll.
The gnoll hits you but does no damage. x2
The gnoll barely misses you.
You closely miss the gnoll. The gnoll hits you with a +0 flail.
* * * LOW HITPOINT WARNING * * *
The gnoll hits you but does no damage. The gnoll hits you with a +0 halberd.
* * * LOW HITPOINT WARNING * * *
You closely miss the gnoll.
The gnoll hits you but does no damage. x3
You hit the gnoll but do no damage. The gnoll barely misses you. x2
The gnoll hits you but does no damage.
You barely miss the gnoll. The gnoll barely misses you.
The gnoll hits you but does no damage. The gnoll hits you with a +0 spear.
* * * LOW HITPOINT WARNING * * *
You hit the gnoll.
The gnoll is lightly wounded.
The gnoll hits you with a +0 flail.
* * * LOW HITPOINT WARNING * * *
The gnoll hits you but does no damage. The gnoll hits you with a +0 halberd.
* * * LOW HITPOINT WARNING * * *
You smack the gnoll!
You kill the gnoll!
A worm comes into view.
The gnoll hits you with a +0 flail.
You die...

#...............#######..
................#
.#.........>....########
.)......................
............†....######.
...............#.#
#.........#......####
#.........#...#.....#
.).......##....g♣##.....
###..(..# ##.#.g)# ....
##.. ...#..g###.... #
..#..)...# ##<..#.....
#.#w# .... .. .. ... ###
... .. ..## .


You could see a worm and 3 gnolls.

Vanquished Creatures
  A gnoll (D:2)
  An adder (D:2)
  2 worms (D:2)
  A dart slug (D:2)
  3 bats (D:1)
  2 endoplasms (D:1)
  A giant cockroach (D:1)
  4 goblins
  2 hobgoblins
  3 jackals (D:1)
  5 kobolds
  2 quokkas (D:1)
  A frilled lizard (D:1)
  3 rats
31 creatures vanquished.

Notes
Turn   | Place    | Note
-------+----------+-------------------------------------------
     0 | D:1      | riojii the Demonspawn Shapeshifter began the quest for the
                  | Orb.
     0 | D:1      | Reached XP level 1. HP: 15/15 MP: 1/1
   196 | D:1      | Gained mutation: You may rarely emit foul miasma when
                  | damaged in melee. [demonic ancestry]
   196 | D:1      | Reached XP level 2. HP: 20/21 MP: 2/2
  1272 | D:2      | Found Xabakh's Distillery.
  1301 | D:2      | Reached XP level 3. HP: 15/26 MP: 3/3
  1366 | D:2      | Identified the +3 leather armour "Trusted Companion" {rElec
                  | Int+3}
  1533 | D:2      | HP: 1/39 [gnoll/+0 halberd (2)]
  1534 | D:2      | Slain by a gnoll

Illustrated notes

Levels and vault maps discovered:
D:1:      noname_arrival_rooms_in_the_neighbourhood, layout_loops_ring
D:2:      layout_rooms, ebering_ecumenical_altar_mist, serial_shops, shop

Skill      XL: |  1  2 |
---------------+-------+-----
Unarmed Combat | 3 |  3.2
Dodging        | 2 |  2.1
Shapeshifting  | 3 |  3.1
Fighting       | |  1.6

Action                     || total
---------------------------++-------
  Melee: Unarmed           ||   123
         Punch             ||     4
    Use: Scroll            ||     2
         Potion            ||     1
 Armour: Animal skin       ||    50
         Ring mail         ||    13
         Skin              ||    18
         Leather armour    ||    14
  Dodge: Dodged            ||    95

Table legend: (Time is in decaauts)
 A = Elapsed time spent in this place.
 B = Non-inter-level travel time spent in this place.
 C = Inter-level travel time spent in this place.
 D = Time resting spent in this place.
 E = Time spent auto-exploring this place.
 F = Levels seen in this place.
 G = Mean time per level.
                   A        B        C        D        E       F      G
               +--------+--------+--------+--------+--------+-----+--------+
         Total |   1525 |   1501 |     24 |    400 |    831 |   2 |  762.5 |
       Dungeon |   1525 |   1501 |     24 |    400 |    831 |   2 |  762.5 |
               +--------+--------+--------+--------+--------+-----+--------+

Top non-repeatable levels by time:
     D:1: 1266 daAuts
     D:2: 259 daAuts
